 Dungeon Crawl Stone Soup version 0.31-a0-971-g75a2e9a4b4 (webtiles) character file.

Game seed: 16209797132124846375

507 Arzdou the Carver (level 7, -11/56 HPs)
             Began as a Merfolk Monk on Oct 28, 2023.
             Mangled by Duvessa
             ... wielding a +0 rapier of flaming
              (17 damage)
             ... on level 5 of the Dungeon.
             The game lasted 00:05:31 (3758 turns).

Arzdou the Carver (Merfolk Monk)                    Turns: 3758, Time: 00:05:31

Health: -11/56     AC:  7    Str: 11    XL:     7   Next: 18%
Magic:  7/7        EV: 14    Int:  9    God:
Gold:   234        SH:  0    Dex: 19    Spells: 6/6 levels left

rFire   . . .        a - +0 falchion (chaos)
rCold   x . .        d - orb {light}
rNeg    . . .        n - +1 leather armour of the Hall of Blades {rC- Will+++ rCorr}
rPois   .            (no helmet)
rElec   .            g - +0 cloak
rCorr   +            j - +1 pair of gloves
SInv    .            (no boots)
Will    +++..        (no amulet)
Stlth   +            (no ring)
HPRegen 0.29/turn    (no ring)
MPRegen 0.10/turn

%: no passive effects
@: glowing
A: (nimble swimmer 2), mertail
a: no special abilities


You were on level 5 of the Dungeon.
You visited 1 branch of the dungeon, and saw 5 of its levels.

You collected 234 gold pieces.

Inventory:

Hand Weapons
 a - a +0 falchion of chaos (weapon)
Armour
 b - a +0 robe
 d - an orb of light (worn)
 g - a +0 cloak (worn)
 j - a +1 pair of gloves (worn)
 n - the +1 leather armour of the Hall of Blades (worn) {rC- Will+++ rCorr}
   (You found it on level 3 of the Dungeon)

   rC-:       It makes you vulnerable to cold.
   Will+++:   It greatly increases your willpower.
   rCorr:     It protects you from acid and corrosion.
Jewellery
 k - a ring of ice
Talismans
 m - a serpent talisman
Scrolls
 i - a scroll of amnesia
 s - 2 scrolls of blinking
Potions
 f - a potion of berserk rage {unknown}
 h - 3 potions of curing {unknown}
 o - a potion of mutation {unknown}
 r - a potion of invisibility {unknown}


   Skills:
 - Level 5.0 Fighting
 + Level 8.2 Long Blades
 - Level 5.0 Dodging


You had 6 spell levels left.
You didn't know any spells.
Your spell library contained the following spells:

 Spells                   Type           Power      Damage    Failure   Level
 Blink                    Tloc           0%         N/A       63%         2
 Sublimation of Blood     Necr           0%         N/A       63%         2
 Inner Flame              Hex/Fire       0%         N/A       85%         3
 Flame Wave               Conj/Fire      0%         2d4       99%         4
 Manifold Assault         Tloc           0%         N/A       99%         4
 Petrify                  Tmut/Erth      0%         N/A       99%         4
 Sticky Flame             Conj/Fire      0%         2d3       99%         4
 Irradiate                Conj/Tmut      0%         3d11      100%        5


Dungeon Overview and Level Annotations

Branches:
Dungeon (5/15)
 Temple: D:4-7

Altars:
Nemelex Xobeh

Shops:
D:1 (=(*[

Annotations:
D:5 Dowan, Duvessa


Innate Abilities, Weirdness & Mutations

((You are very nimble when in or above water. (Stealth+, EV+, Speed+++)))
Your lower body shifts to a powerful aquatic tail in water.


Message History

You barely miss Duvessa.
Duvessa is lightly wounded.
Duvessa misses you.
You hit Duvessa but do no damage.
Duvessa is poisoned.
Duvessa is lightly wounded.
Duvessa closely misses you.
Duvessa hits you with a +0 rapier of flaming!
Duvessa burns you.
You slash Duvessa! Lightning courses through Duvessa!
Duvessa is heavily wounded.
Duvessa hits you but does no damage.
You barely miss Duvessa.
Duvessa is heavily wounded.
Duvessa closely misses you.
You barely miss Duvessa.
Duvessa is heavily wounded.
Duvessa hits you with a +0 rapier of flaming.
* * * LOW HITPOINT WARNING * * *
Duvessa burns you.
* * * LOW HITPOINT WARNING * * *
Duvessa closely misses you.
Okay, then.
As you read the scroll of fear, it crumbles to dust.
You assume a fearsome visage.
Duvessa is unaffected.
Dowan looks frightened!
Duvessa barely misses you.
Dowan gestures wildly while chanting.
Dowan blinks!
Unknown command.
Duvessa rages.
Duvessa barely misses you.
You hit Duvessa.
Duvessa resists with almost no effort.
Duvessa is severely wounded.
Duvessa hits you with a +0 rapier of flaming.
* * * LOW HITPOINT WARNING * * *
Duvessa burns you.
* * * LOW HITPOINT WARNING * * *
You hit Duvessa.
Duvessa is severely wounded.
Duvessa hits you with a +0 rapier of flaming!
You die...

##...## #....
#....####..#
##....#...# .
#.......# #..
##.###...# #...
#.ยง###...####....
#..#..##....#......
#####e............#
#@..#...#.....#
##..####........
##...# #........
#....####........
#..........###...
##.....#....# ..
#....)####...#. .
#..##..####......
#.# #.))........#


You could see Duvessa (berserk, fast, strong, very poisoned).

Vanquished Creatures
  A phantom (D:4)
  A scorpion (D:5)
  An orc priest (D:5)
  2 hounds
  3 iguanas
  4 orc wizards
  5 gnolls
  2 worms (D:2)
  A dart slug (D:1)
  3 orcs
  6 ball pythons
  5 endoplasms
  A giant cockroach (D:1)
  5 goblins
  3 hobgoblins
  3 quokkas (D:4)
  4 bats
  3 frilled lizards
  6 kobolds
  8 rats
67 creatures vanquished.

Notes
Turn   | Place    | Note
-------+----------+-------------------------------------------
     0 | D:1      | Arzdou the Merfolk Monk began the quest for the Orb.
     0 | D:1      | Reached XP level 1. HP: 18/18 MP: 1/1
    24 | D:1      | Found a transporter.
    24 | D:1      | Found Potrud's Jewellery Shop.
    61 | D:1      | Found Teg Ahia's Weapon Emporium.
   101 | D:1      | Found Jekuwn Ivai's Antique Armour Shop.
   102 | D:1      | Found Nofuul's General Store.
   212 | D:1      | Found a transporter.
   243 | D:1      | Reached skill level 4 in Long Blades
   243 | D:1      | Reached XP level 2. HP: 10/24 MP: 2/2
   432 | D:1      | Reached XP level 3. HP: 30/30 MP: 3/3
   442 | D:1      | Found Riwotetz's Antique Weapon Shop.
   655 | D:2      | Identified the +9 dagger "Yritonu" {flame, rC+ SInv}
   985 | D:2      | Reached XP level 4. HP: 14/37 MP: 4/4
  1087 | D:3      | Reached skill level 5 in Dodging
  1804 | D:3      | Reached skill level 5 in Long Blades
  1804 | D:3      | Reached XP level 5. HP: 30/43 MP: 5/5
  1952 | D:3      | Found a sparkling altar of Nemelex Xobeh.
  2618 | D:3      | Identified the +1 leather armour of the Hall of Blades {rC-
                  | Will+++ rCorr}
  2690 | D:4      | Reached skill level 5 in Fighting
  2749 | D:4      | Noticed a phantom
  2758 | D:4      | Killed a phantom
  2759 | D:4      | Reached skill level 6 in Long Blades
  2759 | D:4      | Reached XP level 6. HP: 40/51 MP: 6/6
  3527 | D:5      | Entered Level 5 of the Dungeon
  3533 | D:5      | Identified the +11 mace of Wuikid {flame, *Rage rC+ Int+2
                  | Dex+3}
  3546 | D:5      | Reached skill level 7 in Long Blades
  3630 | D:5      | Reached XP level 7. HP: 49/56 MP: 7/7
  3637 | D:5      | Reached skill level 8 in Long Blades
  3730 | D:5      | Noticed Duvessa
  3731 | D:5      | Noticed Dowan
  3758 | D:5      | Mangled by Duvessa

Illustrated notes

Levels and vault maps discovered:
D:1:      lightli_arrival_boilingwater, layout_basic, serial_shops, shop,
          nicolae_shop_drivethru, shop, nicolae_shop_gibbet_a_chance, shop,
          minmay_tromino_mix6
D:2:      layout_loops_cross, chequers_serial_rivers_marsh,
          kennysheep_generic_room_4
D:3:      minmay_evil_eye, layout_loops_ring, nemelex_diamond_rough_becter,
          minmay_misc_feat_nine_boxes, minmay_misc_feat_x
D:4:      layout_basic, st_stairs_3
D:5:      layout_layer_cave, minmay_temple_entry_offerings, nzn_random_ring,
          uniq_duvessa

Skill      XL: |  1  2  3  4  5  6  7 |
---------------+----------------------+-----
Long Blades    | 4 5 6 7 8 |  8.2
Fighting       | 4 5 |  5.0
Dodging        | 5 |  5.0

Action                     |  1- 3 |  4- 6 |  7- 9 || total
---------------------------+-------+-------+-------++-------
  Melee: Falchion          |    72 |   145 |    18 ||   235
    Use: Scroll            |       |     6 |     1 ||     7
         Potion            |       |       |     1 ||     1
   Stab: Petrifying        |       |     1 |       ||     1
 Armour: Robe              |    37 |    39 |       ||    76
         Leather armour    |       |    31 |    15 ||    46
  Dodge: Dodged            |    51 |   107 |    13 ||   171

Table legend: (Time is in decaauts)
 A = Elapsed time spent in this place.
 B = Non-inter-level travel time spent in this place.
 C = Inter-level travel time spent in this place.
 D = Time resting spent in this place.
 E = Time spent auto-exploring this place.
 F = Levels seen in this place.
 G = Mean time per level.
                   A        B        C        D        E       F      G
               +--------+--------+--------+--------+--------+-----+--------+
         Total |   3759 |   3578 |    181 |    387 |   2631 |   5 |  751.8 |
       Dungeon |   3759 |   3578 |    181 |    387 |   2631 |   5 |  751.8 |
               +--------+--------+--------+--------+--------+-----+--------+

Top non-repeatable levels by time:
     D:3: 1239 daAuts
     D:4: 855 daAuts
     D:2: 841 daAuts
     D:1: 595 daAuts
     D:5: 227 daAuts
